 Dungeon Crawl Stone Soup version 0.20.0-10-g0535bb4 (webtiles) character file.

43 Freeplumber the Charmwright (level 3, -3/24 HPs)
             Began as a Halfling Skald on June 7, 2017.
             Slain by a gnoll
             ... wielding a +0 club
              (6 damage)
             ... on level 3 of the Dungeon.
             The game lasted 00:09:51 (1059 turns).

Freeplumber the Charmwright (Halfling Skald)        Turns: 1059, Time: 00:09:52

Health: -3/24      AC:  4    Str: 13    XL:     3   Next: 82%
Magic:  4/5        EV: 14    Int: 11    God:
Gold:   148        SH:  0    Dex: 13    Spells: 4/5 levels left

rFire    . . .     SeeInvis .   a - +0 hand axe
rCold    . . .     Gourm    .   (shield restricted)
rNeg     . . .     Faith    .   b - +0 leather armour
rPois    .         Spirit   .   (no helmet)
rElec    .         Reflect  .   e - +0 cloak
rCorr    .         Harm     .   (no gloves)
MR       .....                  (no boots)
Stlth    +.........             (no amulet)
Regen    0.1/turn               (no ring)
MPRegen  0.1/turn               (no ring)

@: infused
A: mutation resistance 1
a: no special abilities


You were on level 3 of the Dungeon.
You were full.

You visited 1 branch of the dungeon, and saw 3 of its levels.

You collected 148 gold pieces.

Inventory:

Hand Weapons
 a - a +0 hand axe (weapon)
Armour
 b - a +0 leather armour (worn)
 e - a +0 cloak (worn)
Jewellery
 o - an uncursed amulet of rage
Scrolls
 i - a scroll of immolation {unknown}
 j - a scroll of enchant armour {unknown}
 k - a scroll of enchant weapon {unknown}
 l - a scroll of teleportation {unknown}
 m - 2 scrolls of amnesia {unknown}
 q - a scroll of remove curse {unknown}
 r - a scroll of recharging {unknown}
 s - 6 scrolls of identify
Potions
 h - 2 potions of invisibility {unknown}
 n - a potion of haste {unknown}
 t - 2 potions of heal wounds {unknown}
Books
 c - a book of Battle

   Spells                             Type                      Level
   a - Infusion                       Charms                       1
   b - Shroud of Golubria             Charms/Translocation         2
   c - Song of Slaying                Charms                       2
   d - Spectral Weapon                Hexes/Charms                 3
   e - Regeneration                   Charms/Necromancy            3
Comestibles
 d - 2 bread rations
 f - 2 meat rations
 g - 4 fruits
 p - a royal jelly


   Skills:
 + Level 2.0 Fighting
 + Level 2.5 Axes
 + Level 1.4 Armour
 + Level 2.5 Dodging
 + Level 0.2 Stealth
 + Level 1.8 Spellcasting
 + Level 3.6 Charms


You had 4 spell levels left.
You knew the following spells:

 Your Spells              Type           Power        Failure   Level  Hunger
a - Infusion              Chrm           #...         9%          1    ##.....


Dungeon Overview and Level Annotations

Branches:
Dungeon (3/15)

Altars:


Innate Abilities, Weirdness & Mutations

You are small and have problems with some larger weapons.
You are somewhat resistant to further mutation.


Message History

You close the door.
A gnoll opens the door.
As you read the scroll labeled KAYR TUSCHASM, it crumbles to dust.
It is a scroll of identify.
o - an uncursed amulet of rage The gnoll hits you from afar with a halberd.
You barely miss the gnoll. The gnoll misses you.
Casting: Infusion
Confirm with . or Enter, or press ? or * to list all spells.
You begin infusing your attacks with magical energy.
The gnoll hits you.
The gnoll shouts!
You hit the gnoll.
The gnoll is moderately wounded.
You closely miss the gnoll.
You hear a shout!
The gnoll hits you from afar with a halberd!
Ouch! That really hurt!
* * * LOW HITPOINT WARNING * * *
The gnoll hits you with a club.
You die...

..........# g.........##
#.g........ #........#
#....g...# #......g(#
########g##...####
#......g..#......#
#......@g.#......#
#.........#......#
#.........# .....## ##
#.........# #..... ..
#.......).###..########.
#.......................
#..........###.)######..
#..........# #..## #..
#..........# ##..# #..


You could see 4 gnolls.

Vanquished Creatures
  An adder (D:2)
  A dart slug (D:2)
  2 leopard geckos (D:1)
  An orc (D:3)
  2 giant cockroaches (D:2)
  4 goblins
  3 hobgoblins
  A bat (D:1)
  4 frilled lizards (D:2)
  7 kobolds
  3 rats (D:1)
29 creatures vanquished.

Notes
Turn   | Place    | Note
-------+----------+-------------------------------------------
     0 | D:1      | Freeplumber the Halfling Skald began the quest for the Orb.
     0 | D:1      | Reached XP level 1. HP: 14/14 MP: 3/3
   140 | D:1      | Reached XP level 2. HP: 14/19 MP: 0/4
   471 | D:2      | Reached XP level 3. HP: 7/24 MP: 5/5
  1059 | D:3      | Slain by a gnoll

Skill      XL: |  1  2 |
---------------+-------+-----
Fighting       | 2 |  2.0
Axes           | |  2.5
Armour         | |  1.4
Dodging        | |  2.5
Stealth        | |  0.2
Spellcasting   | |  1.8
Charms         | |  3.6

Action                   || total
-------------------------++-------
Melee: Hand axe          ||   104
 Cast: Infusion          ||     8
  Use: Scroll            ||     1
 Stab: Distracted        ||     1
  Eat: Meat ration       ||     1
       Fruit             ||     1
Armor: Leather armour    ||    29
Dodge: Dodged            ||    81
